AoeStats
← Licrovan

Arabia

510526889Analyzed
3v3 RM · 2d ago on Oct 1, 2026· 49m 21s· 6 players
Game mode
Random Map
Map size
Normal (6 player)
Population
200
Speed
Normal
Resources
Standard
Victory
Conquest
Starting age
Dark Age
Ending age
Imperial Age
RankedLock teamsTeams togetherTeam positionsShared explorationLock speedFull tech treeHidden civsTurbo modeCheats
Victory
Defeat
🇳🇱 Saracens · Netherlands
979
+9
🇳🇱 Vietnamese · Netherlands
744
+25
🇳🇱 Franks · Netherlands
671
+35
🇨🇳 Mongols · China
954
-67
🇨🇳 Spanish · China
763
-15
🇨🇳 Japanese · China
710
-12
Licrovan
10:37 Feudal Age
9:23 Loom
13:02 Double-Bit Axe
21:58 Castle Age
20:36 Scale Barding Armor
22:21 Light Cavalry
24:13 Chain Barding Armor
25:14 Bow Saw
26:03 Scale Mail Armor
26:14 Forging
31:41 Chain Mail Armor
32:01 Iron Casting
38:33 Ballistics
44:17 Imperial Age
44:22 Cavalier
45:03 Husbandry
49:11 Paladin
Ancrypto
10:15 Loom
12:03 Feudal Age
18:44 Double-Bit Axe
18:43 Horse Collar
21:08 Castle Age
20:38 Wheelbarrow
20:03 Fletching
20:13 Padded Archer Armor
22:26 Bodkin Arrow
22:47 Leather Archer Armor
25:06 Crossbowman
27:53 Hand Cart
29:45 Ballistics
37:36 Imperial Age
41:49 Arbalester
43:18 Ring Archer Armor
42:51 Bracer
ZeChaos
6:54 Loom
9:25 Feudal Age
9:58 Double-Bit Axe
13:49 Fletching
18:33 Town Watch
20:49 Castle Age
19:23 Horse Collar
22:37 Heavy Plow
22:49 Bow Saw
22:04 Crossbowman
22:50 Thumb Ring
23:13 Padded Archer Armor
23:10 Bodkin Arrow
23:41 Gold Mining
25:05 Ballistics
27:44 Padded Archer Armor
28:30 Wheelbarrow
31:02 Hand Cart
37:22 Imperial Age
35:16 Leather Archer Armor
36:20 Husbandry
36:37 Bloodlines
37:56 Heavy Cavalry Archer
39:01 Parthian Tactics
38:46 Bracer
39:54 Chemistry
40:45 Conscription
42:30 Ring Archer Armor
Duke.Wu
10:53 Loom
13:10 Feudal Age
14:54 Horse Collar
15:37 Double-Bit Axe
20:15 Castle Age
21:57 Bow Saw
23:23 Stone Mining
27:15 Gold Mining
27:24 Fletching
27:36 Padded Archer Armor
27:39 Heavy Plow
28:46 Gold Shaft Mining
28:46 Stone Shaft Mining
29:41 Bodkin Arrow
32:13 Thumb Ring
37:15 Imperial Age
36:27 Leather Archer Armor
38:32 Wheelbarrow
37:43 Town Watch
38:02 Bracer
38:10 Scale Barding Armor
37:28 Elite Mangudai
38:31 Drill
38:58 Conscription
40:31 Chemistry
39:52 Ballistics
40:17 Chain Barding Armor
40:48 Hoardings
41:18 Parthian Tactics
42:07 Elite Mangudai
42:15 Elite Mangudai
43:38 Elite Skirmisher
45:20 Conscription
45:38 Hoardings
45:28 Conscription
47:09 Bloodlines
47:02 Husbandry
Klaus
0:58 Loom
12:57 Feudal Age
14:24 Town Watch
18:02 Castle Age
16:47 Horse Collar
26:21 Double-Bit Axe
31:00 Padded Archer Armor
35:42 Leather Archer Armor
38:26 Fletching
49:43 Bloodlines
49:34 Husbandry
Payber
1:49 Loom
9:27 Feudal Age
10:00 Double-Bit Axe
10:29 Horse Collar
14:49 Town Watch
22:10 Castle Age
20:09 Fletching
21:58 Stone Mining
21:38 Man-at-Arms
22:17 Elite Skirmisher
23:33 Bodkin Arrow
24:19 Padded Archer Armor
27:28 Pikeman
30:10 Leather Archer Armor
34:37 Heavy Plow
41:01 Bow Saw
43:14 Ballistics
43:56 Wheelbarrow
46:47 Masonry
Connection lost

Rejoining the realm…

Still unreachable

The connection could not be restored.

Session expired

The server has moved on; the page needs a fresh start.